 Dungeon Crawl Stone Soup version 0.21-a0-351-g38363bb (webtiles) character file.

133 Dfrag the Firebug (level 4, 0/30 HPs)
             Began as a Demonspawn Fire Elementalist on Oct 10, 2017.
             Killed by nerve-wracking pain
             ... invoked by an orc priest
              (11 damage)
             ... on level 3 of the Dungeon.
             The game lasted 00:03:06 (2164 turns).

Dfrag the Firebug (Demonspawn Fire Elementalist)    Turns: 2164, Time: 00:03:06

Health: 0/30       AC:  2    Str:  8    XL:     4   Next: 93%
Magic:  0/8        EV: 12    Int: 18    God:
Gold:   51         SH:  0    Dex: 13    Spells: 8/9 levels left

rFire    . . .     SeeInvis .   r - +0 falchion
rCold    + . .     Gourm    .   (no shield)
rNeg     . . .     Faith    .   a - +0 robe
rPois    .         Spirit   .   (helmet restricted)
rElec    .         Reflect  .   (no cloak)
rCorr    .         Harm     .   (no gloves)
MR       .....                  (no boots)
Stlth    ++........             (no amulet)
HPRegen  0.10/turn              (no ring)
MPRegen  0.11/turn              (no ring)

@: very slightly contaminated
A: antennae 1, cold resistance 1
a: no special abilities


You were on level 3 of the Dungeon.
You were not hungry.

You visited 1 branch of the dungeon, and saw 3 of its levels.

You collected 51 gold pieces.

Inventory:

Hand Weapons
 r - a +0 falchion (weapon)
Armour
 a - a +0 robe (worn)
 g - a +0 helmet
Scrolls
 d - a scroll of enchant weapon {unknown}
 h - a scroll of amnesia {unknown}
 i - a scroll of enchant armour {unknown}
 j - a scroll of recharging {unknown}
 k - 2 scrolls of identify {unknown}
 n - a scroll of remove curse {unknown}
 q - a scroll of fog {unknown}
 s - a scroll of teleportation {unknown}
Potions
 e - 3 potions of curing {unknown}
 f - a potion of haste {unknown}
 o - 2 potions of degeneration {unknown}
 p - a potion of magic {unknown}
 t - a potion of brilliance {unknown}
Books
 b - a book of Flames

   Spells                             Type                      Level
   a - Flame Tongue                   Conjuration/Fire             1
   b - Throw Flame                    Conjuration/Fire             2
   c - Conjure Flame                  Conjuration/Fire             3
   d - Inner Flame                    Hexes/Fire                   3
   e - Sticky Flame                   Conjuration/Fire             4
   f - Fireball                       Conjuration/Fire             5
Comestibles
 c - 5 bread rations
 l - a meat ration
 m - a royal jelly


   Skills:
 - Level 1.7 Dodging
 - Level 1.7 Stealth
 + Level 3.1 Spellcasting
 + Level 2.8 Conjurations
 + Level 3.6 Fire Magic


You had 8 spell levels left.
You knew the following spells:

 Your Spells              Type           Power        Failure   Level  Hunger
a - Flame Tongue          Conj/Fire      ##...        4%          1    None


Dungeon Overview and Level Annotations

Branches:
Dungeon (3/15)

Altars:
Okawaru


Innate Abilities, Weirdness & Mutations

You have a pair of small antennae on your head.
Your flesh is cold resistant. (rC+)


Message History

The flame tongue hits the orc priest.
The orc priest appears unharmed.
The orc priest looks satisfied for a moment.
Casting: Flame Tongue
Confirm with . or Enter, or press ? or * to list all spells.
Aiming: Flame Tongue
Press: ? - help, Shift-Dir - straight line, f/p - orc priest
Aim: an orc priest, wielding a mace You miscast Flame Tongue.
You are very lightly contaminated with residual magic.
Nothing appears to happen.
The orc priest hits you with a mace!
Casting: Flame Tongue
Confirm with . or Enter, or press ? or * to list all spells.
Aiming: Flame Tongue
Press: ? - help, Shift-Dir - straight line, f/p - orc priest
Aim: an orc priest, wielding a mace The flame tongue hits the orc priest.
The orc priest is severely wounded.
The orc priest mumbles some strange prayers to Beogh against you.
Pain shoots through your body!
You die...

.h....#.†.......o.ho...#
######################.#
#...# #o# #.#.# #.#
#.#^# #.# #.#.# #h#
######.#.# #o#
#......#.# #.#
#.######@#####.#
#.#....#.oo)...#
#....#.#########
######.# #.# #<# ###


You could see an orc priest and an orc.

Vanquished Creatures
  An orc priest (D:2)
  3 gnolls (D:2)
  3 adders
  A dart slug (D:2)
  5 orcs
  3 giant cockroaches
  A goblin (D:2)
  6 hobgoblins
  2 jackals (D:3)
  6 kobolds
  5 bats
  2 rats
38 creatures vanquished.

Notes
Turn   | Place    | Note
-------+----------+-------------------------------------------
     0 | D:1      | Dfrag the Demonspawn Fire Elementalist began the quest for the Orb.
     0 | D:1      | Reached XP level 1. HP: 13/13 MP: 3/3
    12 | D:1      | Noticed an electric eel
   272 | D:1      | Gained mutation: You have a pair of small antennae on your head. [demonic ancestry]
   272 | D:1      | Reached XP level 2. HP: 19/19 MP: 3/5
  1198 | D:2      | Found an iron altar of Okawaru.
  1203 | D:2      | Gained mutation: Your flesh is cold resistant. (rC+) [demonic ancestry]
  1203 | D:2      | Reached XP level 3. HP: 11/24 MP: 2/7
  1532 | D:2      | Reached XP level 4. HP: 26/30 MP: 3/8
  2164 | D:3      | Killed from afar by an orc priest

Vault maps used:
D:1:      arrival_aquarium_a, serial_forest, infiniplex_forest_straight_2,
          infiniplex_forest_clump_double, infiniplex_forest_clump_C,
          infiniplex_forest_pool, infiniplex_forest_clump_tiny,
          infiniplex_forest_lined_3, infiniplex_forest_clump_small,
          infiniplex_forest_end_double
D:2:      okawaru_ov_weapons_minmay
D:3:      fedhas_altar_1, first_bread

Skill      XL: |  1  2  3  4 |
---------------+-------------+-----
Fire Magic     | 3 |  3.6
Conjurations   | 2 |  2.8
Spellcasting   | 3 |  3.1
Dodging        | |  1.7
Stealth        | |  1.7

Action                   |  1- 3 |  4- 6 || total
-------------------------+-------+-------++-------
Melee: Falchion          |       |     2 ||     2
 Cast: Flame Tongue      |    36 |    38 ||    74
  Eat: Chunk             |     2 |     2 ||     4
Armor: Robe              |     5 |     7 ||    12
Dodge: Dodged            |    15 |    53 ||    68
       Rpst.: Falchion   |       |     6 ||     6

Table legend:
 A = Spawn XP
 B = Non-spawn XP
 C = Spawn XP percentage of total XP
 D = Spawn monster count
 E = Non-spawn monster count
 F = Spawn count percentage of total count
 G = Total turns spent on level
                    A         B        C        D         E        F      G
               +---------+---------+-------+---------+---------+-------+---------
         Total |       0 |     190 |   0.0 |       0 |      38 |   0.0 |  2164
               +---------+---------+-------+---------+---------+-------+---------
           D:1 |       0 |      32 |   0.0 |       0 |      16 |   0.0 |  1186
           D:2 |       0 |     135 |   0.0 |       0 |      16 |   0.0 |   841
           D:3 |       0 |      23 |   0.0 |       0 |       6 |   0.0 |   137
               +---------+---------+-------+---------+---------+-------+---------
